[Event "*** Titled Tuesday Blitz"]
[Site "Chess.com"]
[Date "2020.04.28"]
[Round "4"]
[White "Zurability"]
[Black "RaunakSadhwani2005"]
[Result "0-1"]
[WhiteElo "2708"]
[BlackElo "2893"]
[TimeControl "180+1"]
[EndTime "10:39:21 PDT"]
[Termination "RaunakSadhwani2005 won by resignation"]

1. d4 Nf6 2. c4 Nc6 3. Nf3 e6 4. a3 d6 5. Nc3 g6 6. e4 Bg7 7. Be2 O-O 8. O-O e5 9. d5 Ne7 10. b4 Nd7 11. Ne1 f5 12. Nd3 Nf6 13. f3 f4 14. Bd2 g5 15. Be1 h5 16. c5 Ng6 17.
h3 Rf7 18. Rc1 Bf8 19. Nf2 Rg7 20. cxd6 Bxd6 21. Nb5 Nh8 22. Nxd6 cxd6 23. Bd2 Nf7 24. Rc3 Nh6 25. Qc2 g4 26. fxg4 hxg4 27. Rc1 Bd7 28.
hxg4 Nfxg4 29. Nxg4 Nxg4 30. Qd1 Qg5 31. Bf3 Qh4 32. Qe1 Qh2+ 33. Kf1 Bb5+ 34. Rc4 Rc8 0-1

[Event "*** Titled Tuesday Blitz"]
[Site "Chess.com"]
[Date "2020.04.28"]
[Round "4"]
[White "johnathan113"]
[Black "Kostya26"]
[Result "1-0"]
[WhiteElo "2639"]
[BlackElo "2410"]
[TimeControl "180+1"]
[EndTime "10:39:21 PDT"]
[Termination "johnathan113 won by resignation"]

1. e4 c5 2. Nf3 Nc6 3. Nc3 e5 4. Bc4 d6 5. d3 Be7 6. Nd2 Nf6 7. Nf1 O-O 8. Ne3 Be6 9. O-O Nd7 10. Ned5 Bg5 11. Bxg5 Qxg5 12. Nc7 Bh3 13. Qf3 Bg4 14. Qg3 Rac8 15. N7b5 Qg6 16. Nd5 a6 17. Nxd6 Qxd6 18. Qxg4 b5 19. Bb3 Nd4 20. c3 Nxb3 21. axb3 f5 22.
Qh3 c4 23. bxc4 bxc4 24. Rfd1 cxd3 25. Qxd3 Nc5 26. Qc4 Kh8 27. exf5 Nd7 28. Qxa6 Qc5 29. Ne3 Nf6 30. Qa5 Qc6 31. Qxe5 Rce8 32. Qd6 Qb5 33. Qb4 Qe5 34. Qd4 Qb5 35. c4 Qb3 36. Qc3 Qb7 37. c5 Ne4 38. Qc2 g6 39. c6 Qf7 40. Rd7 Qf6 41. Raa7 gxf5 42. Rxh7+ Kg8 43. Qc4+ 1-0

[Event "*** Titled Tuesday Blitz"]
[Site "Chess.com"]
[Date "2020.04.28"]
[Round "4"]
[White "MariaFominykh"]
[Black "MiroVlasenko"]
[Result "0-1"]
[WhiteElo "2384"]
[BlackElo "2596"]
[TimeControl "180+1"]
[EndTime "10:39:21 PDT"]
[Termination "MiroVlasenko won by checkmate"]

1. d4 Nf6 2. c4 e6 3. Nf3 b6 4.
g3 Ba6 5. Nbd2 d5 6. cxd5 exd5 7.
Bg2 Bd6 8. O-O O-O 9. Re1 Re8 10. b3 Ne4 11. Bb2 Nd7 12. Nf1 Bb4 13. N3d2 Qf6 14.
Bxe4 dxe4 15. Ne3 Rad8 16. Qc2 Qg6 17. a3 Bd6 18. Ndc4 Bf4 19. Nd5 Bd6 20. Nxd6 cxd6 21. Nf4 Qh6 22. Qc7 e3 23. fxe3 Nf6 24. Qxa7 Ng4 25.
h3 Rxe3 26. Kg2 Nf6 27. Qxa6 Qg5 28. g4 Qxf4 29. Rh1 Rg3+ 30. Kh2 Qf2# 0-1

[Event "*** Titled Tuesday Blitz"]
[Site "Chess.com"]
[Date "2020.04.28"]
[Round "4"]
[White "Gareth-Bale11"]
[Black "mortngabriel"]
[Result "1-0"]
[WhiteElo "2759"]
[BlackElo "2467"]
[TimeControl "180+1"]
[EndTime "10:39:24 PDT"]
[Termination "Gareth-Bale11 won by resignation"]

1. e4 c5 2. Nf3 d6 3. Nc3 Nf6 4. g3 g6 5. Bg2 Bg7 6. d4 cxd4 7. Nxd4 O-O 8. h3 Nc6 9. Be3 Bd7 10. O-O Ne5 11.
b3 Rc8 12. Nd5 b5 13. Re1 a6 14. Qd2 e6 15. Nxf6+ Bxf6 16. Rad1 Qc7 17. f4 Nc6 18. Nf3 Rfd8 19. Qxd6 Qxd6 20. Rxd6 Nb4 21. Bb6 Be7 22.
Rd2 Nxc2 23. Bxd8 Nxe1 24. Bxe7 Nxf3+ 25. Bxf3 1-0

[Event "*** Titled Tuesday Blitz"]
[Site "Chess.com"]
[Date "2020.04.28"]
[Round "4"]
[White "aa175"]
[Black "ZAbdumalik"]
[Result "1-0"]
[WhiteElo "2463"]
[BlackElo "2635"]
[TimeControl "180+1"]
[EndTime "10:39:25 PDT"]
[Termination "aa175 won by resignation"]

1. d4 Nf6 2. Bf4 g6 3. e3 Bg7 4.
Nf3 d6 5. Be2 O-O 6. O-O Nbd7 7.
c4 Nh5 8. Bg5 h6 9. Bh4 g5 10.
Nfd2 Nhf6 11. Bg3 c5 12. Nc3 b6 13. Bf3 Rb8 14. a3 a6 15. b4 Ne8 16. Nb3 Nc7 17.
Qd3 e5 18. dxc5 dxc5 19. Nd5 Ne6 20. Rfd1 f5 21. h3 e4 22. Bxe4 fxe4 23. Qxe4 Qe8 24. Bxb8 Nxb8 25. Rac1 Qf7 26. Nxb6 Bb7 27. Qc2 cxb4 28.
axb4 g4 29. hxg4 Ng5 30. Nd5 Nc6 31. Nc5 Bc8 32. b5 axb5 33. cxb5 Ne5 34. f4 Bxg4 35.
fxg5 Bxd1 36. Rxd1 hxg5 37. Ne4 Ng4 38. Nxg5 Qh5 39.
Ne7+ Kh8 40. Ng6+ Kg8 41. Qc4+ 1-0

[Event "*** Titled Tuesday Blitz"]
[Site "Chess.com"]
[Date "2020.04.28"]
[Round "4"]
[White "Majesth"]
[Black "leschebaza"]
[Result "1-0"]
[WhiteElo "2476"]
[BlackElo "1954"]
[TimeControl "180+1"]
[EndTime "10:39:25 PDT"]
[Termination "Majesth won on time"]

1. d4 Nf6 2. Nc3 g6 3. e4 d6 4. Bg5 Bg7 5. f4 h6 6. Bh4 O-O 7. Qd2 c5 8. dxc5 dxc5 9. Qxd8 Rxd8 10. e5 Nfd7 11. O-O-O Nc6 12. Nd5 Kf8 13. Nc7 Rb8 14.
e6 Nf6 15. Rxd8+ Nxd8 16. exf7 Nxf7 17. Nf3 Bf5 18. Bc4 Rd8 19. Ne5 Nxe5 20. fxe5 Ng4 21. Rf1 Nxh2 22. Ne6+ Kg8 23. Nxd8+ Kh7 24. Rh1 Ng4 25. e6 1-0

[Event "*** Titled Tuesday Blitz"]
[Site "Chess.com"]
[Date "2020.04.28"]
[Round "4"]
[White "Kavyev_Ruslan"]
[Black "Cocaino74"]
[Result "0-1"]
[WhiteElo "2479"]
[BlackElo "2334"]
[TimeControl "180+1"]
[EndTime "10:39:25 PDT"]
[Termination "Cocaino74 won by checkmate"]

1. e4 c5 2. Nf3 Nc6 3. c3 Nf6 4. e5 Nd5 5. Bc4 Nb6 6. Bb3 c4 7.
Bc2 d5 8. exd6 Qxd6 9. O-O g6 10. b3 Be6 11. Re1 Bg7 12. Na3 cxb3 13. axb3 O-O 14. d4 Bg4 15. h3 Bxf3 16. Qxf3 e5 17. d5 Qxd5 18. Be4 Qxb3 19. Be3 Rac8 20. Bc5 Rfd8 21.
Rab1 Qa4 22. Nb5 f5 23. Nd6 Rxd6 24. Bxd6 fxe4 25. Rxe4 Qa2 26. Rd1 Qe6 27. Bc5 Nd5 28. Ra4 b6 29. Rxd5 bxc5 30. Rxc5 Ne7 31. Rxc8+ Qxc8 32. Rxa7 Qe6 33. Qb7 Kf7 34. c4 e4 35. c5 Bd4 36. Ra6 Qf5 37. Ra2 Bxc5 38. Re2 h5 39. Rxe4 Qxf2+ 40. Kh2 Bd6+ 41. Kh1 Qf1# 0-1

[Event "*** Titled Tuesday Blitz"]
[Site "Chess.com"]
[Date "2020.04.28"]
[Round "4"]
[White "Mizner"]
[Black "Caterpiller35"]
[Result "1-0"]
[WhiteElo "2481"]
[BlackElo "2300"]
[TimeControl "180+1"]
[EndTime "10:39:25 PDT"]
[Termination "Mizner won by resignation"]

1. e4 c5 2. Nf3 Nc6 3. d4 cxd4 4. Nxd4 e5 5. Nb5 d6 6. c4 Be7 7. N5c3 Nf6 8. Bd3 O-O 9. O-O Be6 10. Nd5 Rc8 11. Nbc3 Nd4 12. Nxe7+ Qxe7 13. b3 a6 14. Ne2 Bg4 15. f3 Nxe2+ 16. Qxe2 Be6 17. Rd1 Rfd8 18.
Ba3 Rc6 19. Rd2 Nh5 20. Qe3 g6 21. Rad1 Nf4 22. Bf1 Qg5 23. Kh1 Qe7 24. c5 d5 25.
exd5 Rxd5 26. Rxd5 Nxd5 27. Qxe5 Rxc5 28. Bxc5 Qxc5 29.
Bc4 Qe3 30. Qxe3 Nxe3 31. Rd8+ Kg7 32. Bxe6 fxe6 33. Rd7+ 1-0

[Event "*** Titled Tuesday Blitz"]
[Site "Chess.com"]
[Date "2020.04.28"]
[Round "4"]
[White "WinningButNotReally"]
[Black "EnergeticHay"]
[Result "0-1"]
[WhiteElo "2408"]
[BlackElo "2219"]
[TimeControl "180+1"]
[EndTime "10:39:25 PDT"]
[Termination "EnergeticHay won by checkmate"]

1. Nf3 Nf6 2. c4 g6 3. g3 Bg7 4. Bg2 d6 5. d4 O-O 6. O-O c5 7.
Nc3 Nc6 8. d5 Na5 9. Nd2 a6 10.
e4 Rb8 11. a4 Bd7 12. Qe2 Qc7 13. b3 b5 14. axb5 axb5 15. cxb5 Ng4 16. Bb2 Bh6 17. Nc4 Nxb3 18. b6 Rxb6 19. Nxb6 Qxb6 20. Ra6 Qb4 21. Rb1 Nd2 22. Ra7 Nxb1 23. Nxb1 Bb5 24. Qc2 Qe1+ 25. Bf1 Qxf1# 0-1

[Event "*** Titled Tuesday Blitz"]
[Site "Chess.com"]
[Date "2020.04.28"]
[Round "4"]
[White "RATNAKARAN"]
[Black "barbara25"]
[Result "1-0"]
[WhiteElo "2591"]
[BlackElo "2266"]
[TimeControl "180+1"]
[EndTime "10:39:25 PDT"]
[Termination "RATNAKARAN won by resignation"]

1. e4 c5 2. Nf3 d6 3. c3 Nf6 4. h3 g6 5. Bd3 Bg7 6. Bc2 O-O 7. O-O Nc6 8. Re1 e5 9. d3 b5 10. Nbd2 a5 11. Nf1 b4 12. Ng3 Ba6 13. Ba4 Rc8 14. Be3 Ne7 15. Qd2 Qc7 16. Rad1 d5 17. Bh6 dxe4 18.
dxe4 Rfd8 19. Qg5 Rxd1 20. Rxd1 Rd8 21. Rxd8+ Qxd8 22. Bxg7 Kxg7 23. Qxe5 c4 24. Nd4 Bc8 25. Qc5 Bb7 26. f3 h5 27. Qxc4 h4 28. Nge2 Nh5 29.
Bb3 Qf8 30. cxb4 axb4 31. Qxb4 Bc8 32. Qc3 Kh7 33. a3 Ng8 34. Bxf7 Qxf7 35. Qxc8 Nh6 36. Qe6 Qa7 37. Kh2 Ng3 38. Qf6 Nxe2 39. Nxe2 Qf2 40. Ng1 Qg3+ 41. Kh1 Ng8 42. Qf7+ Kh8 43. a4 Nh6 44.
Qf6+ Kh7 45. a5 Ng8 46. Qf7+ Kh8 47. a6 Qb8 48. Qb7 1-0

[Event "*** Titled Tuesday Blitz"]
[Site "Chess.com"]
[Date "2020.04.28"]
[Round "4"]
[White "Xeslu"]
[Black "Lunow"]
[Result "1-0"]
[WhiteElo "2348"]
[BlackElo "2197"]
[TimeControl "180+1"]
[EndTime "10:39:25 PDT"]
[Termination "Xeslu won by resignation"]

1. e4 c5 2. Nf3 d6 3. Bc4 Nf6 4. d3 e6 5. O-O Be7 6. c3 O-O 7. Bb3 Nc6 8. Re1 b5 9. a3 a5 10. Nbd2 Rb8 11. Nf1 b4 12. axb4 axb4 13. Ng3 d5 14. e5 Nd7 15. d4 bxc3 16. bxc3 Qb6 17. Bc2 cxd4 18. cxd4 Nb4 19. Ba4 Qd8 20. Be3 Nb6 21. Bb3 Ba6 22. h3 Bc4 23. Rb1 Bxb3 24. Rxb3 Nc4 25. Nh2 Na5 26. Rb1 Na2 27. Rxb8 Qxb8 28.
Nh5 f5 29. exf6 Bxf6 30. Qg4 Qd6 31. Ra1 Nb4 32. Rxa5 Qc6 33. Ra7 g6 34. Nxf6+ Rxf6 35.
Qh4 1-0

[Event "*** Titled Tuesday Blitz"]
[Site "Chess.com"]
[Date "2020.04.28"]
[Round "4"]
[White "Quattroporte300"]
[Black "Muguet7"]
[Result "0-1"]
[WhiteElo "2300"]
[BlackElo "2481"]
[TimeControl "180+1"]
[EndTime "10:39:26 PDT"]
[Termination "Muguet7 won by checkmate"]

1. e4 c5 2. Nf3 e6 3. d4 cxd4 4. Nxd4 a6 5. c4 Nf6 6. Nc3 Bb4 7. Qd3 Qc7 8. a3 Be7 9. Be2 d6 10. O-O O-O 11. Be3 Nbd7 12. f4 b6 13. Rac1 Bb7 14.
b4 Rac8 15. Rfd1 Rfd8 16. Kh1 Ba8 17. Qc2 g6 18. Bd3 Qb7 19. h3 h5 20. Qf2 e5 21. Nde2 b5 22. cxb5 axb5 23. f5 Kg7 24. Bb1 Rc4 25. fxg6 fxg6 26. Ng3 Rf8 27. Qe2 Rfc8 28.
Bd3 Rxc3 29. Rxc3 Rxc3 30. Bd2 Rxa3 31. Qe3 Ng8 32. Rf1 Bf6 33. Rf3 Qa7 34. Qe2 Ra1+ 35. Kh2 Qg1# 0-1

[Event "*** Titled Tuesday Blitz"]
[Site "Chess.com"]
[Date "2020.04.28"]
[Round "4"]
[White "Bathory44"]
[Black "Angel_Hranitel_37"]
[Result "1-0"]
[WhiteElo "2571"]
[BlackElo "2372"]
[TimeControl "180+1"]
[EndTime "10:39:27 PDT"]
[Termination "Bathory44 won by checkmate"]

1. e4 c5 2. c3 e6 3. d4 d5 4.
exd5 Qxd5 5. Nf3 Nf6 6. Bd3 Be7 7. Be3 cxd4 8. cxd4 O-O 9. Nc3 Qd6 10. O-O Nc6 11. a3 b6 12. Qe2 Bb7 13. Rad1 Rac8 14. Rfe1 Rfd8 15. Bb1 Qb8 16. h3 Bf8 17. Bg5 Be7 18. d5 exd5 19. Qd3 Kf8 20. Bxf6 Bxf6 21. Qxh7 g6 22. Ng5 Qc7 23. Nb5 Qd7 24. Bxg6 Ne5 25. Bxf7 Rc5 26. Ne6+ Ke7 27. Bg6+ Kxe6 28. Bf5# 1-0

[Event "*** Titled Tuesday Blitz"]
[Site "Chess.com"]
[Date "2020.04.28"]
[Round "4"]
[White "ParvizGasimov"]
[Black "DenishevM"]
[Result "0-1"]
[WhiteElo "2339"]
[BlackElo "2561"]
[TimeControl "180+1"]
[EndTime "10:39:29 PDT"]
[Termination "DenishevM won by resignation"]

1. e4 c5 2. Nf3 d6 3. d4 cxd4 4.
Nxd4 Nf6 5. Nc3 a6 6. Be3 e6 7. f3 b5 8. Qd2 Nbd7 9. g4 Nb6 10. a4 b4 11. Na2 a5 12. c3 d5 13.
g5 Nfd7 14. cxb4 axb4 15. Nxb4 dxe4 16. Nbc6 Qc7 17. Rc1 Nd5 18. Nb5 Qb7 19. fxe4 Nxe3 20. Qxe3 Rxa4 21. Be2 Rb4 22. O-O Rxb5 23. Bxb5 Qxb5 24.
Nd4 Bc5 25. Kh1 Bxd4 26. Qxd4 O-O 27. Rc7 Qxf1+ 0-1

[Event "*** Titled Tuesday Blitz"]
[Site "Chess.com"]
[Date "2020.04.28"]
[Round "4"]
[White "Keranke"]
[Black "GelmanAlexander"]
[Result "1-0"]
[WhiteElo "2773"]
[BlackElo "2529"]
[TimeControl "180+1"]
[EndTime "10:39:30 PDT"]
[Termination "Keranke won on time"]

1. d4 Nf6 2. c4 c5 3. d5 b5 4. cxb5 a6 5. Nc3 axb5 6. e4 b4 7. Nb5 d6 8. Bc4 g6 9. e5 dxe5 10. d6 exd6 11. Bg5 Nbd7 12. Qb3 Qa5 13. a4 bxa3+ 14.
Bd2 Qa4 15. Nc7+ Kd8 16. Nxa8 Qxa8 17. Nf3 d5 18. Rxa3 dxc4 19. Rxa8 cxb3 20. Ba5+ Ke7 21. Rxc8 Bg7 22. Rxh8 Bxh8 23. Nd2 Nd5 24. Nxb3 e4 25.
Nd2 f5 26. b3 Bd4 27. O-O e3 28. fxe3 Bxe3+ 29. Kh1 Bxd2 30. Bxd2 Ne5 31. Ra1 Nd3 32. Ra7+ Ke6 33. Rxh7 Nf2+ 34. Kg1 Ne4 35. Be1 Ne3 36.
Rh8 Ke5 37. Re8+ Kd4 38. Bf2 Nxf2 39. Kxf2 Nd5 40. Kf3 Kc3 41. Re5 Kd4 42. Re6 g5 43. g4 fxg4+ 44. Kxg4 Nf4 45. Rc6 Nd3 46. Kxg5 Kc3 47.
h4 Kxb3 48. h5 c4 49. h6 Ne5 50. Rc7 c3 51. h7 c2 52. Rxc2 Kxc2 53. Kf6 Nd7+ 54.
Kg7 1-0

[Event "*** Titled Tuesday Blitz"]
[Site "Chess.com"]
[Date "2020.04.28"]
[Round "4"]
[White "Nafania1"]
[Black "GMMarcinDziuba"]
[Result "0-1"]
[WhiteElo "2369"]
[BlackElo "2609"]
[TimeControl "180+1"]
[EndTime "10:39:31 PDT"]
[Termination "GMMarcinDziuba won on time"]

1. e4 c5 2. Nf3 Nc6 3. Bb5 g6 4. c3 Nf6 5. Qe2 Bg7 6. d4 O-O 7. d5 Nb8 8. c4 a6 9. Ba4 Qa5+ 10.
Nc3 Nxe4 11. Qxe4 Bxc3+ 12. bxc3 Qxc3+ 13. Ke2 Qxa1 14. Bb3 d6 15. Rd1 Bf5 16. Qxe7 Nd7 17. Kf1 Qf6 18. Qe3 Rfe8 19. Qf4 Re4 20. Qd2 Rae8 21.
Bb2 Qe7 22. Qc3 f6 23. Bc2 Rf4 24. Re1 Qf7 25. Rxe8+ Qxe8 26. g3 Bh3+ 27. Kg1 Qe2 0-1

[Event "*** Titled Tuesday Blitz"]
[Site "Chess.com"]
[Date "2020.04.28"]
[Round "4"]
[White "petrkostenko"]
[Black "chessdjw"]
[Result "1/2-1/2"]
[WhiteElo "2305"]
[BlackElo "2590"]
[TimeControl "180+1"]
[EndTime "10:39:32 PDT"]
[Termination "Game drawn by repetition"]

1. e4 c5 2. Nf3 d6 3. Bb5+ Nd7 4. Ba4 Nf6 5. O-O e6 6. Re1 a6 7. c3 b5 8. Bc2 c4 9. b3 Bb7 10. Na3 Rc8 11. Rb1 Ba8 12. bxc4 bxc4 13. Qe2 Qc7 14. Rb4 d5 15. exd5 Bxd5 16. Ra4 Nb6 17. Rxa6 Bc5 18. Nb5 Qd7 19. a4 O-O 20. Ne5 Qb7 21. Ra7 Qb8 22.
d4 cxd3 23. Bxd3 Nc4 24. Nd7 Nxd7 25. Rxd7 Nb6 26. Ra7 Nc4 27. Rd7 Nb6 28. Ra7 Nc4 29. Rd7 1/2-1/2

[Event "*** Titled Tuesday Blitz"]
[Site "Chess.com"]
[Date "2020.04.28"]
[Round "4"]
[White "Sergey85Rodchenkov"]
[Black "woodhy"]
[Result "0-1"]
[WhiteElo "2531"]
[BlackElo "2359"]
[TimeControl "180+1"]
[EndTime "10:39:33 PDT"]
[Termination "woodhy won by resignation"]

1. e4 e6 2. d4 d5 3. Nc3 Bb4 4. e5 c5 5. a3 Bxc3+ 6. bxc3 Ne7 7. Qg4 Qc7 8. Qxg7 Rg8 9. Qxh7 cxd4 10. Ne2 Nbc6 11. f4 Bd7 12. h4 dxc3 13. h5 O-O-O 14. Qd3 a6 15. Rb1 Na5 16. Nd4 Nec6 17. h6 Rg6 18. h7 Rh8 19. Rh3 Rg7 20. Nf3 Na7 21. Ng5 Bb5 22. Qxc3 Bxf1 23. Kxf1 Nc4 24. a4 Nc6 25. Kg1 Qa5 26. Qxa5 N6xa5 27. Rh6 Kd7 28. Rf6 Ke7 29. f5 Nxe5 30. Rh6 Ng4 31. Ba3+ Ke8 32.
fxe6 Nxh6 33. Re1 Rxg5 34. exf7+ Kxf7 0-1

[Event "*** Titled Tuesday Blitz"]
[Site "Chess.com"]
[Date "2020.04.28"]
[Round "4"]
[White "bazar-wokzal"]
[Black "Firehand33"]
[Result "0-1"]
[WhiteElo "2501"]
[BlackElo "2738"]
[TimeControl "180+1"]
[EndTime "10:39:35 PDT"]
[Termination "Firehand33 won on time"]

1. e4 d5 2. exd5 Qxd5 3. Nc3 Qd8 4. Nf3 Nf6 5. d4 g6 6. Bc4 Bg7 7. O-O O-O 8. h3 Nc6 9. Bg5 h6 10. Bh4 g5 11. Bg3 Nh5 12. Be5 Nxe5 13. Nxe5 Nf4 14.
Ne4 Bf5 15. Re1 e6 16. c3 c6 17. Ng3 Bh7 18. Nh5 Nxh5 19. Qxh5 Qc7 20. h4 c5 21. hxg5 hxg5 22. Bb3 cxd4 23. cxd4 Qe7 24. Nxf7 Rxf7 25. Rxe6 Qf8 26. Rae1 Bxd4 27. Qxg5+ Kh8 28. R6e2 Bxf2+ 29. Rxf2 Rxf2 30. Re7 Rf1+ 31. Kh2 Qf4+ 32. Qxf4 Rxf4 33. Rxb7 a5 34. Bd5 Rd8 35. Rb5 Rf5 36. Bc4 Rxb5 37. Bxb5 Rd2 0-1

[Event "*** Titled Tuesday Blitz"]
[Site "Chess.com"]
[Date "2020.04.28"]
[Round "4"]
[White "ViktoriyaTarasova"]
[Black "Juanovic"]
[Result "0-1"]
[WhiteElo "2269"]
[BlackElo "2161"]
[TimeControl "180+1"]
[EndTime "10:39:35 PDT"]
[Termination "Juanovic won by checkmate"]

1. d4 d5 2. c4 c6 3. Nf3 Nf6 4.
Nc3 e6 5. Bg5 h6 6. Bxf6 Qxf6 7.
e3 Nd7 8. Qb3 Qd8 9. Bd3 Nf6 10.
O-O Bd6 11. Ne5 Bxe5 12. dxe5 Ng4 13. cxd5 exd5 14. e4 d4 15. Bc4 O-O 16. Ne2 Qh4 17. h3 Nxe5 18. Nxd4 Qxe4 19. Rad1 Nxc4 20. Qxc4 Be6 21.
Qc3 Bd5 22. f3 Qg6 23. Rfe1 Rae8 24. Rxe8 Rxe8 25. Re1 Rd8 26. b3 h5 27. Nc2 Be6 28. Nb4 a5 29. Nc2 Bxh3 30. Re2 Bf5 31. Ne3 h4 32.
Qxa5 Re8 33. Qd2 Bd3 34. Re1 h3 35. Ng4 Rxe1+ 36. Qxe1 hxg2 37. Qe8+ Kh7 38. Ne5 Qf5 39. Nxf7 Bf1 40. Qh8+ Kg6 41. Nd6 Qc5+ 42. Kh2 g1=Q# 0-1

[Event "*** Titled Tuesday Blitz"]
[Site "Chess.com"]
[Date "2020.04.28"]
[Round "4"]
[White "crescentmoon2411"]
[Black "Gurvich_Vitaly"]
[Result "1-0"]
[WhiteElo "2789"]
[BlackElo "2558"]
[TimeControl "180+1"]
[EndTime "10:39:36 PDT"]
[Termination "crescentmoon2411 won on time"]

1. e4 c5 2. Nf3 Nc6 3. Bb5 g6 4. Bxc6 dxc6 5. d3 Bg7 6. Nc3 e5 7. Be3 b6 8. a3 a5 9. h3 Qc7 10. O-O h6 11. Nd2 g5 12. Nc4 a4 13.
b3 axb3 14. cxb3 b5 15. Nd2 Qd6 16. Qc2 Ne7 17. Ne2 Ng6 18. Bxc5 Qd7 19. Rfd1 Nh4 20. Ng3 h5 21. Ndf1 Nxg2 22. Nf5 Nh4 23. Nxg7+ Kd8 24. Nf5 Nxf5 25. exf5 Qxf5 26. Ne3 Qxh3 27. d4 e4 28.
Bb6+ Ke7 29. Qxe4+ 1-0

[Event "*** Titled Tuesday Blitz"]
[Site "Chess.com"]
[Date "2020.04.28"]
[Round "4"]
[White "pooh2012"]
[Black "Angry_Twin"]
[Result "0-1"]
[WhiteElo "2516"]
[BlackElo "2787"]
[TimeControl "180+1"]
[EndTime "10:39:36 PDT"]
[Termination "Angry_Twin won by resignation"]

1. d4 Nf6 2. c4 e6 3. Nc3 Bb4 4.
Qc2 d5 5. cxd5 exd5 6. Bg5 h6 7. Bh4 g5 8. Bg3 Nc6 9. e3 h5 10. h3 Ne4 11. Bh2 Be6 12. Bd3 Qd7 13. Ne2 O-O-O 14. Bxe4 dxe4 15. O-O-O Bxc3 16. Nxc3 Nb4 17. Qxe4 Nxa2+ 18. Kd2 Rhe8 19. Qc2 Nb4 20. Qb1 Qc6 21. f3 g4 22. hxg4 hxg4 23. Rhf1 gxf3 24. gxf3 Bc4 25. Rf2 Nd3 26. Rff1 Nc5 27. Qf5+ Kb8 28. Rf2 Nb3+ 29.
Kc2 Rxe3 30. d5 Qb6 31. Rfd2 Nxd2 32. Rxd2 Qb3+ 33. Kc1 Re1+ 34. Nd1 Be2 35. Qxf7 Rxd1+ 0-1

[Event "*** Titled Tuesday Blitz"]
[Site "Chess.com"]
[Date "2020.04.28"]
[Round "4"]
[White "emperor87"]
[Black "ljuks68"]
[Result "1-0"]
[WhiteElo "2604"]
[BlackElo "2352"]
[TimeControl "180+1"]
[EndTime "10:39:36 PDT"]
[Termination "emperor87 won by resignation"]

1. Nf3 d5 2. g3 Nc6 3. Bg2 e5 4. d3 Bg4 5. O-O Qd7 6. c4 dxc4 7. dxc4 O-O-O 8. Qxd7+ Rxd7 9. Nc3 Bc5 10. h3 Be6 11. b3 f6 12. Na4 Be7 13. Be3 Nh6 14. Nc5 Bxc5 15. Bxc5 Rhd8 16. g4 Nf7 17. Rac1 h5 18.
Nh2 Nd4 19. Rfe1 a6 20. Bb4 Ng5 21. e3 Nc6 22. Bc3 e4 23. h4 Nf7 24. Bxe4 hxg4 25.
Bxc6 bxc6 26. Kg2 Nh6 27. e4 Rd3 28. Nf1 Rh3 29. Ng3 Rxh4 30. Rcd1 Nf7 31. Rxd8+ Kxd8 32. Rd1+ Ke7 33. Ba5 Ng5 34. Bxc7 Nf3 35. Nf1 Ng5 36. e5 f5 37. Bd8+ 1-0

[Event "*** Titled Tuesday Blitz"]
[Site "Chess.com"]
[Date "2020.04.28"]
[Round "4"]
[White "Shuvatkin_Vladimir"]
[Black "GoValya"]
[Result "0-1"]
[WhiteElo "2301"]
[BlackElo "2159"]
[TimeControl "180+1"]
[EndTime "10:39:36 PDT"]
[Termination "GoValya won on time"]

1. d4 Nf6 2. Nf3 e6 3. g3 c5 4. Bg2 cxd4 5. Nxd4 Nc6 6. c4 Bb4+ 7. Nc3 O-O 8. O-O a6 9. e3 d5 10. cxd5 exd5 11.
Nce2 Bg4 12. Qb3 Rb8 13. a3 Bc5 14. Bd2 Ne4 15. Bxe4 dxe4 16. Bc3 Nxd4 17. Nxd4 Bxd4 18. Bxd4 Bf3 19. h3 Qg5 20. Kh2 Rfe8 21. Qb6 Re6 22. Qc7 Rbe8 23. Qf4 Qb5 24. Rac1 Rh6 25. Rfe1 Qh5 26.
Qh4 Qf5 27. Rc5 Qxc5 28. Qxh6 Qxd4 0-1

[Event "*** Titled Tuesday Blitz"]
[Site "Chess.com"]
[Date "2020.04.28"]
[Round "4"]
[White "archess2"]
[Black "reniite"]
[Result "1-0"]
[WhiteElo "2214"]
[BlackElo "1942"]
[TimeControl "180+1"]
[EndTime "10:39:36 PDT"]
[Termination "archess2 won by resignation"]

1. d4 Nf6 2. c4 e6 3. Nc3 Bb4 4. Qc2 O-O 5. e4 Bxc3+ 6. bxc3 d6 7. Bd3 e5 8. Ne2 Re8 9. O-O Nc6 10. d5 Ne7 11. f4 exf4 12. Bxf4 Ng6 13. Bg5 h6 14.
Bxf6 gxf6 15. Nd4 Kg7 16. Rf3 Rg8 17. Rg3 Kh7 18. Rf1 Ne5 19. Rxg8 Qxg8 20. Rxf6 Qg7 21. Rf1 Bh3 22. Nf5 Qg5 23. Kh1 Rg8 24. gxh3 Nxd3 25.
Ng3 Ne5 26. Qf2 Rg7 27. Qf5+ Qxf5 28. Nxf5 Rg5 29. Ne3 Kg7 30. h4 Rg6 31. Nf5+ Kh7 32. Ne3 Kg7 33. a4 Nd3 34. Nf5+ Kh7 35. Ng3 Nc5 36.
Rxf7+ Kg8 37. Rxc7 Nxa4 38. Rxb7 Nxc3 39. Rxa7 Rg4 40.
Rd7 Rxh4 41. Rxd6 Kf7 42. c5 Ke7 43. Nf5+ Kf7 44. Nxh4 1-0

[Event "*** Titled Tuesday Blitz"]
[Site "Chess.com"]
[Date "2020.04.28"]
[Round "4"]
[White "Saloni1299"]
[Black "Koalaskakistis"]
[Result "0-1"]
[WhiteElo "2314"]
[BlackElo "2525"]
[TimeControl "180+1"]
[EndTime "10:39:37 PDT"]
[Termination "Koalaskakistis won by resignation"]

1. e4 c5 2. Nf3 Nc6 3. d4 cxd4 4. Nxd4 Nf6 5. Nc3 e5 6. Ndb5 d6 7. Bg5 a6 8. Na3 b5 9. Nd5 Be7 10. Bxf6 Bxf6 11. c4 b4 12. Nc2 a5 13. g3 O-O 14. b3 Bg5 15. h4 Bh6 16. Bh3 Be6 17. Kf1 g6 18. Kg2 f5 19. Qe2 Ra7 20. Rhf1 Raf7 21.
f3 Kh8 22. Rad1 Qc8 23. Nb6 Qc7 24. Nd5 Qc8 25. Nb6 Qb7 26. Nd5 Qa7 27. f4 Qb7 28.
fxe5 Nxe5 29. Nf4 Bd7 30. Rxd6 Bc6 31. Kh2 Bxe4 32. Nd5 Bd3 33. Qxe5+ Bg7 34. Qf4 Bxc2 35. Re1 Be4 36. Ne3 Qe7 37. Nd5 Qe5 38. Qxe4 fxe4 0-1

[Event "*** Titled Tuesday Blitz"]
[Site "Chess.com"]
[Date "2020.04.28"]
[Round "4"]
[White "Pedrada88"]
[Black "FedaMaster"]
[Result "1-0"]
[WhiteElo "2409"]
[BlackElo "2566"]
[TimeControl "180+1"]
[EndTime "10:39:37 PDT"]
[Termination "Pedrada88 won on time"]

1. Nf3 Nf6 2. g3 g6 3. Bg2 Bg7 4. O-O O-O 5. d4 d5 6. c4 Nc6 7.
cxd5 Nxd5 8. Nc3 Nb6 9. d5 Na5 10. Qc2 c6 11. dxc6 Nxc6 12. Rd1 Bd7 13. Bf4 Qc8 14. Rac1 Bf5 15. e4 Bg4 16. Nd5 Bxf3 17. Bxf3 Nxd5 18. exd5 Nd4 19. Qe4 Nxf3+ 20. Qxf3 Qf5 21.
Qe3 Bxb2 22. Rc7 Bf6 23. Rxb7 Qc2 24. Rd2 Qc1+ 25. Kg2 Qc8 26. Rxa7 Rxa7 27. Qxa7 Qf5 28. Qe3 h5 29. h4 Rd8 30. d6 1-0

[Event "*** Titled Tuesday Blitz"]
[Site "Chess.com"]
[Date "2020.04.28"]
[Round "4"]
[White "Tesla37"]
[Black "TheCount"]
[Result "1-0"]
[WhiteElo "2878"]
[BlackElo "2624"]
[TimeControl "180+1"]
[EndTime "10:39:38 PDT"]
[Termination "Tesla37 won by resignation"]

1. e4 e5 2. Nf3 Nc6 3. Bb5 a6 4. Ba4 Nf6 5. O-O Be7 6. d3 b5 7.
Bb3 d6 8. a3 O-O 9. Nc3 Na5 10.
Ba2 Be6 11. b4 Bxa2 12. Rxa2 Nc6 13. Bd2 d5 14. exd5 Nxd5 15. Ne2 Re8 16. Re1 Qd7 17. Ng3 Bf8 18. c4 Nb6 19. Qb3 Rad8 20. c5 Nd5 21. Ne4 h6 22. Bc1 f5 23. Rae2 Qf7 24.
Ng3 Nf4 25. Qxf7+ Kxf7 26. Bxf4 exf4 27. Rxe8 Rxe8 28. Rxe8 Kxe8 29. Nxf5 a5 30. bxa5 Bxc5 31. d4 Bxa3 32. a6 Kf7 33. d5 Na7 34. N5d4 Bc5 35.
Ne5+ Kf6 36. Nd7+ 1-0